Map: Symulakrum ER

Players

ChosenOne - Winner!

  • Race: Terran Terran
  • League: Diamond
  • Spawn Location: 11:00

kers

  • Race: Protoss Protoss
  • League: Platinum
  • Spawn Location: 5:00

VOD

Have the link to the VOD?

Description

Time

  • Played on: March 3, 2020, 2:24 p.m.
  • Length: 13:41
Show
View Real Time Build Order
Export as new Build Order

ChosenOne Terran - Winner!

Build Orders: Reaper Expand, Mech 

Get SALT Encoding   

  12  0:02  SCV  
  13  0:17  SCV, Supply Depot  
  14  0:29  SCV  
  15  0:40  Barracks  
  16  0:46  SCV, Refinery  
  16  0:58  SCV  
  17  1:17  SCV  
  18  1:31  Orbital Command  
  18  1:35  Reaper  
  18  1:36  Refinery  
  19  1:50  Command Center  
  19  2:01  SCV  
  20  2:13  SCV  
  21  2:22  Barracks Reactor  
  21  2:25  Factory  
  21  2:30  SCV  
  21  2:34  Supply Depot  
  22  2:42  SCV  
  23  2:56  SCV  
  24  3:06  Supply Depot  
  24  3:08  SCV  
  24  3:10  Orbital Command  
  25  3:26  Starport  
  25  3:28  SCV  
  25  3:32  Hellion x2  
  30  3:39  SCV, Supply Depot  
  30  3:40  SCV  
  32  3:51  SCV  
  32  3:52  Barracks Tech Lab  
  33  4:01  Factory  
  33  4:04  SCV, Armory  
  34  4:10  Medivac  
  34  4:16  SCV  
  36  4:26  Supply Depot  
  36  4:28  SCV  
  37  4:40  SCV  
  37  4:44  Starport Reactor  
  37  4:45  Factory  
  38  4:46  Hellion  
  38  4:47  Hellion  
  38  4:49  Supply Depot  
  42  4:57  Terran Vehicle Weapons Level 1  
  42  5:00  SCV x2  
  44  5:08  Refinery  
  44  5:12  SCV, Supply Depot  
  45  5:26  Siege Tank  
  48  5:31  Factory Tech Lab  
  48  5:32  Refinery  
  48  5:33  Hellion x2  
  48  5:34  Infernal Pre-Igniter  
  52  5:35  Supply Depot  
  52  5:38  SCV x2  
  54  5:50  SCV  
  54  5:55  Hellion  
  47  6:13  SCV x2  
  49  6:23  Armory  
  49  6:25  SCV  
  49  6:26  Thor  
  56  6:37  SCV x2  
  58  6:50  Hellion x2  
  58  6:52  Thor  
  58  6:53  Command Center  
  68  7:01  Factory  
  68  7:05  Liberator  
  71  7:12  Hellion x2  
  75  7:18  Supply Depot  
  75  7:21  Terran Vehicle And Ship Armor Level 1  
  75  7:33  Hellion x2, Thor  
  85  7:42  Supply Depot  
  85  7:51  Liberator  
  85  7:54  Hellion  
  85  7:55  Hellion  
  92  8:05  Medivac  
  94  8:11  SCV x3  
  97  8:15  Engineering Bay  
  97  8:16  Hellion x2  
  101  8:22  Thor  
  101  8:23  SCV x3  
  110  8:28  Factory Tech Lab  
  110  8:36  Supply Depot  
  110  8:37  Hellion x2, Factory  
  114  9:00  Supply Depot  
  114  9:01  Thor  
  114  9:02  Thor  
  126  9:06  Hellion x2  
  130  9:10  SCV x2  
  130  9:16  Orbital Command, Refinery  
  132  9:26  Factory Tech Lab  
  132  9:28  Hellion  
  134  9:33  Supply Depot  
  134  9:36  Thor  
  140  9:40  Refinery  
  140  9:54  Thor  
  140  9:56  Supply Depot  
  140  9:57  Liberator  
  149  10:18  SCV x3, Hellion x2  
  149  10:19  Supply Depot  
  156  10:41  Hellion x2  
  160  10:42  Supply Depot  
  160  11:03  Hellion x2  
  160  11:04  Thor  
  162  11:07  Thor  
  168  11:24  Thor  
  116  11:51  Thor x2  
  116  11:52  Hellion  
  116  11:53  Hellion  
  122  12:14  Hellion  
  118  12:21  Orbital Command  
Show
View Real Time Build Order
Export as new Build Order

kers Protoss 

Build Orders: 1 Gate Expand, Zealot Archon 

Get SALT Encoding   

  12  0:00  Probe  
  13  0:12  Probe  
  14  0:18  Pylon  
  14  0:25  Probe  
  15  0:37  Probe (Chrono Boost)  
  15  0:39  Gateway  
  16  0:48  Probe (Chrono Boost)  
  17  0:52  Assimilator  
  17  0:53  Probe (Chrono Boost)  
  18  1:03  Probe  
  19  1:15  Probe  
  20  1:27  Probe  
  21  1:36  Nexus  
  21  1:39  Probe  
  22  1:43  Pylon  
  22  1:53  Probe  
  23  1:58  Cybernetics Core  
  23  2:05  Probe  
  23  2:17  Probe  
  23  2:22  Warp Gate (Chrono Boost)  
  24  2:29  Probe  
  25  2:31  Adept (Chrono Boost)  
  27  2:37  Robotics Facility  
  27  2:41  Probe  
  27  2:43  Assimilator  
  28  2:54  Probe, Adept  
  28  2:55  Probe  
  30  3:06  Probe  
  30  3:07  Probe  
  32  3:18  Probe  
  32  3:19  Probe  
  34  3:28  Gateway  
  34  3:30  Probe  
  34  3:32  Probe, Gateway  
  34  3:33  Assimilator  
  36  3:36  Assimilator  
  36  3:38  Pylon  
  36  3:41  Observer (Chrono Boost)  
  37  3:42  Probe  
  37  3:44  Probe  
  37  3:46  Pylon  
  39  3:54  Probe  
  40  3:56  Probe  
  40  4:01  Observer  
  42  4:06  Probe  
  42  4:08  Probe, Stalker  
  46  4:22  Probe  
  46  4:23  Probe  
  48  4:25  Sentry  
  48  4:27  Stalker  
  52  4:31  Pylon  
  52  4:34  Probe  
  52  4:35  Probe, Pylon  
  52  4:37  Pylon  
  54  4:42  Forge  
  54  4:44  Twilight Council  
  54  4:47  Probe x2  
  56  4:53  Stalker x2  
  56  4:54  Sentry  
  56  4:59  Probe x2  
  64  5:05  Immortal  
  68  5:11  Probe x2  
  68  5:13  Protoss Ground Weapons Level 1 (Chrono Boost)  
  70  5:21  Charge  
  70  5:23  Probe x2  
  70  5:24  Pylon  
  70  5:27  Zealot x2  
  76  5:29  Pylon  
  76  5:35  Probe x2  
  78  5:39  Templar Archives  
  78  5:47  Probe x2  
  73  6:00  Stalker x3  
  71  6:12  Probe x2  
  73  6:19  Photon Cannon  
  73  6:24  Probe x2  
  75  6:25  Photon Cannon  
  75  6:30  Immortal  
  75  6:31  Zealot  
  81  6:36  Probe x2  
  83  6:48  Probe x2  
  85  7:00  Probe x2  
  87  7:01  Zealot x2  
  87  7:02  Zealot, Photon Cannon  
  87  7:04  Protoss Ground Armor Level 1 (Chrono Boost)  
  93  7:12  Probe  
  93  7:15  Pylon x2  
  94  7:17  Pylon  
  94  7:22  Pylon x2  
  94  7:33  Probe x2  
  96  7:41  High Templar x2  
  100  7:45  Probe x2  
  100  7:49  Archon  
  102  7:54  Nexus  
  102  7:56  Pylon  
  102  7:57  Probe x2  
  104  8:10  Probe x2  
  104  8:11  Photon Cannon, High Templar  
  104  8:12  Photon Cannon  
  108  8:15  Photon Cannon  
  108  8:18  Photon Cannon  
  108  8:21  Photon Cannon  
  108  8:22  Probe x2  
  110  8:28  High Templar  
  112  8:42  Gateway  
  112  8:43  Gateway  
  112  8:46  Probe x2  
  112  8:47  Gateway  
  112  8:48  Gateway  
  114  8:58  Probe x2  
  116  9:03  Gateway  
  116  9:07  Assimilator  
  116  9:08  Probe  
  117  9:10  Probe x2, Assimilator  
  117  9:11  High Templar x2  
  117  9:15  Immortal (Chrono Boost)  
  127  9:20  Probe  
  127  9:22  Probe x2, High Templar  
  132  9:24  Archon  
  132  9:25  Archon  
  132  9:30  Protoss Ground Weapons Level 2 (Chrono Boost)  
  132  9:34  Probe x3  
  135  9:40  High Templar  
  137  9:47  Probe  
  137  9:48  Warp Prism (Chrono Boost), Shield Battery  
  140  9:56  Probe  
  140  9:57  Probe  
  142  10:04  Pylon x2, High Templar  
  142  10:05  High Templar x3  
  142  10:06  Pylon  
  150  10:08  Archon  
  150  10:09  Archon  
  150  10:11  Pylon  
  150  10:20  Immortal  
  154  10:28  Zealot x4  
  162  10:42  Zealot x4  
  170  10:48  Pylon  
  170  10:51  Pylon  
  170  10:56  Archon  
  170  10:58  Phoenix  
  170  10:59  Observer  
  167  11:16  Zealot  
  167  11:17  Zealot x7  
  149  11:38  Zealot x6  
  149  11:39  Zealot x2  
  101  11:50  Zealot  
  97  11:59  Gateway  
  97  12:00  Zealot x3, Gateway  
  97  12:01  Zealot x4, Gateway  
  104  12:04  Gateway  
  90  12:14  Stalker  
  78  12:19  Immortal  
  82  12:29  High Templar x2  
  68  12:30  High Templar x4  
  68  12:33  Archon  
  68  12:34  Archon  
  68  12:35  High Templar  
  64  12:39  Archon  
  41  12:52  Zealot  
  37  13:07  High Templar x3  
  37  13:08  High Templar  
  37  13:11  Archon  
  37  13:12  Archon  
  35  13:25  Zealot x6  
  35  13:26  Zealot x2  
Tags
 
Add a new tag
Caveats
  • Supply blocks, unpowered buildings, or Contaminate may cause inaccurate times.
  • Supply counts are checked every 10 seconds.